 Dungeon Crawl Stone Soup version 0.28-a0-1629-gf728b707aa (webtiles) character file.

Game seed: 6867687414629275862

262 oldriver the Stinger (level 5, -10/58 HPs)
             Began as a Demonspawn Venom Mage on Jan 24, 2022.
             Mangled by a wyvern zombie (11 damage)
             ... on level 4 of the Dungeon.
             The game lasted 00:04:26 (4644 turns).

oldriver the Stinger (Demonspawn Venom Mage)        Turns: 4644, Time: 00:04:26

Health: -10/58     AC: 29    Str:  9    XL:     5   Next: 97%
Magic:  6/9        EV:  2    Int: 18    God:
Gold:   81         SH:  0    Dex: 13    Spells: 4/10 levels left

rFire   + . .      SeeInvis .   d - +2 short sword (protect)
rCold   . . .      Faith    .   (no shield)
rNeg    . . .      Spirit   .   (armour currently unavailable)
rPois   +          Reflect  .   (helmet currently unavailable)
rElec   .          Harm     .   (cloak currently unavailable)
rCorr   .          Rampage  .   (gloves currently unavailable)
Will    .....      NoTele   +   (boots currently unavailable)
Stlth   ++........              (no amulet)
HPRegen 0.19/turn               k - ring of protection from fire
MPRegen 0.11/turn               (no ring)

@: tree-form, under a protective aura
A: stationary, stasis, torment immunity, boosted hp, (large bone plates 1)
a: no special abilities


You were on level 4 of the Dungeon.
You were a tree.
You visited 1 branch of the dungeon, and saw 4 of its levels.

You collected 81 gold pieces.

Inventory:

Hand Weapons
 d - a +2 short sword of protection (weapon)
Armour
 a - a +0 robe (melded)
 f - a +0 pair of boots (melded)
 j - a +0 cloak (melded)
Jewellery
 k - a ring of protection from fire (left branch)
Scrolls
 b - 6 scrolls of identify
 g - a scroll of silence {unknown}
Potions
 e - a potion of berserk rage
 h - 2 potions of lignification
 i - a potion of degeneration {unknown}
 l - a potion of invisibility {unknown}


   Skills:
 + Level 2.3 Fighting
 + Level 2.9 Dodging
 + Level 3.1 Stealth
 + Level 3.1 Spellcasting
 - Level 1.0 Transmutations
 + Level 4.0 Poison Magic


You had 4 spell levels left.
You knew the following spells:

 Your Spells              Type           Power      Damage    Failure   Level
a - Sting                 Tmut/Pois      44%        1d5       6%          1
b - Poisonous Vapours     Pois/Air       18%        N/A       11%         2
c - Mephitic Cloud        Conj/Pois/Air  7%         N/A       28%         3

Your spell library contained the following spells:

 Spells                   Type           Power      Damage    Failure   Level
 Spider Form              Tmut/Pois      11%        N/A       17%         3
 Ensorcelled Hibernation  Hex/Ice        4%         N/A       24%         2
 Olgreb's Toxic Radiance  Pois           17%        N/A       30%         4
 Call Canine Familiar     Summ           2%         N/A       43%         3
 Portal Projectile        Hex/Tloc       4%         N/A       43%         3
 Anguish                  Hex/Necr       1%         N/A       85%         4
 Leda's Liquefaction      Hex/Erth       1%         N/A       85%         4


Dungeon Overview and Level Annotations

Branches:
Dungeon (4/15)
 Temple: D:4-7

Altars:
Elyvilon


Innate Abilities, Weirdness & Mutations

You are a tree.
Your roots penetrate the ground, keeping you stationary.
You cannot be teleported.
You are immune to unholy pain and torment.
Your maximum health is greatly increased.
Your equipment is partially melded.
((You are partially covered in large bone plates. (SH +4)))


Message History

You hit the wyvern zombie.
The wyvern zombie is moderately damaged.
A goblin comes into view. It is wielding a +0 dagger.
The wyvern zombie barely misses you.
The goblin shouts!
You hit the wyvern zombie.
The wyvern zombie is moderately damaged.
The wyvern zombie bites you but does no damage.
The wyvern zombie bites you!
You are too injured to fight recklessly!
You are too injured to fight recklessly!
You are too injured to fight recklessly!
Sorry, you're not good enough to have a special ability.
As you read the scroll labelled SOEXTO OTTO, it crumbles to dust.
Your body is wracked with pain!
* * * LOW HITPOINT WARNING * * *
The goblin convulses!
It was a scroll of torment.
The goblin unwields a +0 dagger.
The goblin wields a +0 hunting sling.
The goblin shoots a stone.
The stone closely misses you. The wyvern zombie closely misses you.
You aren't carrying any items that you can evoke.
It was a potion of lignification.
You turn into a tree.
Your +0 cloak melds into your body.
Your +0 pair of boots melds into your body.
Your +0 robe melds into your body.
Your roots penetrate the ground.
The goblin shoots a stone.
The stone completely misses you.
The wyvern zombie bites you but does no damage.
Your magical contamination has completely faded away.
You hit the wyvern zombie but do no damage.
The wyvern zombie is moderately damaged.
The wyvern zombie bites you!
* * * LOW HITPOINT WARNING * * *
The goblin shoots a stone.
The stone hits you but does no damage.
The wyvern zombie bites you but does no damage.
As you read the scroll labelled JUENICOALI, it crumbles to dust.
It is a scroll of identify.
Really abort (and waste the scroll)?
e - a potion of berserk rage The wyvern zombie bites you!
You die...

.............
.............W.........
........!............
.........g.........#
#..................# .
##..................#
..#.[.........<.......#
.......Z..............#
.......♣..............#
.......$.............##
.....................#
.........[.>.........#
.....................#
.....................#
.................[...###
#....................'.#
#.###................#.#


You could see a phantom (wandering), a wyvern zombie and a goblin.

Vanquished Creatures
  A necrophage (D:4)
  A scorpion (D:3)
  4 gnolls (D:2)
  An adder (D:3)
  A worm (D:3)
  3 dart slugs
  4 orcs (D:4)
  4 endoplasms
  A giant cockroach (D:3)
  4 goblins
  7 jackals
  4 quokkas (D:1)
  3 ball pythons
  4 bats
  5 frilled lizards
  6 rats
53 creatures vanquished.

Notes
Turn   | Place    | Note
-------+----------+-------------------------------------------
     0 | D:1      | oldriver the Demonspawn Venom Mage began the quest for the
                  | Orb.
     0 | D:1      | Reached XP level 1. HP: 13/13 MP: 3/3
    71 | D:1      | Reached skill level 1 in Transmutations
   507 | D:1      | Gained mutation: You are partially covered in large bone
                  | plates. (SH +4) [demonic ancestry]
   507 | D:1      | Reached XP level 2. HP: 20/20 MP: 0/5
  1906 | D:2      | Reached skill level 1 in Fighting
  2221 | D:2      | Reached XP level 3. HP: 26/26 MP: 4/6
  2300 | D:2      | Learned a level 2 spell: Poisonous Vapours
  2304 | D:2      | Learned a level 3 spell: Mephitic Cloud
  3032 | D:2      | Reached XP level 4. HP: 29/32 MP: 0/7
  3231 | D:3      | Noticed a scorpion
  3600 | D:3      | Killed a scorpion
  3601 | D:3      | Reached XP level 5. HP: 38/38 MP: 0/9
  4155 | D:3      | Found a faded altar of an unknown god.
  4297 | D:4      | Noticed a phantom
  4305 | D:4      | Noticed a necrophage
  4539 | D:4      | Killed a necrophage
  4540 | D:4      | Reached skill level 4 in Poison Magic
  4643 | D:4      | HP: 1/58 [wyvern zombie (11)]
  4644 | D:4      | Mangled by a wyvern zombie

Illustrated notes

Levels and vault maps discovered:
D:1:      lemuel_arrival_broad_hall, layout_loops_corners
D:2:      layout_loops_ring
D:3:      layout_rooms, elyvilon_altar_5, hellmonk_ecumenical_altar_dog_temple
D:4:      layout_basic, mainiacjoe_overflow_chevrons

Skill      XL: |  1  2  3  4  5 |
---------------+----------------+-----
Transmutations | 1 |  1.0
Stealth        | 2 3 |  3.1
Dodging        | 2 |  2.9
Fighting       | 1 2 |  2.3
Spellcasting   | 3 |  3.1
Poison Magic   | 4 |  4.0

Action                   |  1- 3 |  4- 6 || total
-------------------------+-------+-------++-------
Melee: Unarmed           |    12 |       ||    12
       Short sword       |     2 |    35 ||    37
 Cast: Sting             |    62 |    41 ||   103
       Poisonous Vapours |     7 |    16 ||    23
  Use: Scroll            |       |     2 ||     2
       Potion            |       |     1 ||     1
Armor: Robe              |    16 |    23 ||    39
       Skin              |       |     3 ||     3
Dodge: Dodged            |    28 |    23 ||    51
Block: Other             |     3 |     7 ||    10

Table legend: (Time is in decaauts)
 A = Elapsed time spent in this place.
 B = Non-inter-level travel time spent in this place.
 C = Inter-level travel time spent in this place.
 D = Time resting spent in this place.
 E = Time spent auto-exploring this place.
 F = Levels seen in this place.
 G = Mean time per level.
                   A        B        C        D        E       F      G
               +--------+--------+--------+--------+--------+-----+--------+
         Total |   4646 |   4472 |    174 |   1169 |   2717 |   4 | 1161.5 |
       Dungeon |   4646 |   4472 |    174 |   1169 |   2717 |   4 | 1161.5 |
               +--------+--------+--------+--------+--------+-----+--------+

Top non-repeatable levels by time:
     D:1: 1646 daAuts
     D:2: 1479 daAuts
     D:3: 1135 daAuts
     D:4: 384 daAuts
